 Dungeon Crawl Stone Soup version 0.29.1-15-g9cfb28693d (webtiles) character file.

Game seed: 2196392791636229303

43 Silvore the Covered (level 3, -7/33 HPs)
             Began as a Minotaur Fighter on May 2, 2023.
             Mangled by a gnoll
             ... wielding a +0 halberd
              (9 damage)
             ... on level 2 of the Dungeon.
             The game lasted 00:01:25 (1219 turns).

Silvore the Covered (Minotaur Fighter)              Turns: 1219, Time: 00:01:26

Health: -7/33      AC:  9    Str: 20 (22) XL:     3   Next: 37%
Magic:  2/2        EV:  7    Int:  4 (5)  God:
Gold:   170        SH:  4    Dex:  6 (9)  Spells: 2/2 levels left

rFire   . . .      SeeInvis .   a - +0 long sword
rCold   . . .      Faith    .   c - +0 buckler
rNeg    . . .      Spirit   .   i - +0 chain mail
rPois   .          Reflect  .   (helmet restricted)
rElec   .          Harm     .   (no cloak)
rCorr   .          Rampage  .   (no gloves)
Will    .....                   (no boots)
Stlth   ..........              (no amulet)
HPRegen 0.11/turn               g - ring of flight
MPRegen 0.08/turn               (no ring)

@: flying
A: horns 2, retaliatory headbutt
a: no special abilities


You were on level 2 of the Dungeon.
You visited 1 branch of the dungeon, and saw 2 of its levels.

You collected 170 gold pieces.

Inventory:

Hand Weapons
 a - a +0 long sword (weapon)
Armour
 b - a +0 scale mail
 c - a +0 buckler (worn)
 i - a +0 chain mail (worn)
Jewellery
 g - a ring of flight (left hand)
Potions
 d - a potion of might
 k - a potion of attraction


   Skills:
 + Level 4.0 Fighting
 + Level 3.1 Long Blades
 + Level 4.3 Armour
 + Level 0.2 Dodging
 + Level 4.0 Shields


You had 2 spell levels left.
You didn't know any spells.
Your spell library contained the following spells:

 Spells                   Type           Power      Damage    Failure   Level
 Magic Dart               Conj           0%         1d3       100%        1
 Searing Ray              Conj           0%         2d4       100%        2
 Ozocubu's Armour         Ice            0%         N/A       100%        3
 Fulminant Prism          Conj/Hex       0%         3d6       100%        4
 Ozocubu's Refrigeration  Ice            0%         4d7       100%        7


Dungeon Overview and Level Annotations

Branches:
Dungeon (2/15)

Altars:


Innate Abilities, Weirdness & Mutations

You have a pair of horns on your head.
You reflexively headbutt those who attack you in melee.


Message History

The gnoll is lightly wounded.
The jackal bites you. The gnoll hits you with a +0 flail.
The jackal barely misses you.
A ball python comes into view.
You barely miss the gnoll.
The ball python hisses angrily.
Your headbutt misses the gnoll.
The gnoll is lightly wounded.
The jackal bites you but does no damage.
The jackal closely misses you. The gnoll hits you with a +0 halberd.
The gnoll hits you with a +0 flail!
The jackal bites you but does no damage.
You barely miss the gnoll. The gnoll hits you with a +0 halberd!
* * * LOW HITPOINT WARNING * * *
You block the gnoll's attack. You block the jackal's attack.
The gnoll barely misses you. You furiously retaliate!
You headbutt the gnoll! The gnoll barely misses you.
The gnoll hits you but does no damage.
The jackal bites you but does no damage.
You closely miss the gnoll. Your headbutt misses the gnoll.
The gnoll is almost dead.
You block the jackal's attack.
The gnoll hits you but does no damage. x3
You barely miss the gnoll.
The gnoll is almost dead.
The jackal barely misses you. You furiously retaliate!
You headbutt the jackal!
You kill the jackal!
The ball python bites you but does no damage.
You block the ball python's attack.
The gnoll hits you but does no damage. x2
The ball python barely misses you. You block the ball python's attack.
Unknown command.
It was a potion of degeneration.
There was something very wrong with that liquid.
You feel weakened.
You feel dopey.
You feel clumsy.
The gnoll hits you from afar with a +0 spear.
* * * LOW HITPOINT WARNING * * *
The gnoll closely misses you. The gnoll hits you but does no damage.
The ball python bites you but does no damage.
The ball python grabs you. The ball python constricts you.
You escape the ball python's grasp.
Found a potion of might.
The gnoll barely misses you. The gnoll hits you with a +0 halberd!
You die...

..#. ##........ ....
.#####.>.....##....
....##.....######.###...
.....$......## #.###..#
.............# #..##..#
...?.........# ##..#...
.............# ###.....
.......Sg†...####...†.##
......g@..........#.#.##
...<.....g...######.....
..<.........## #.....
!...##.....## #>.... ###
####### #..... #.....
#..... #..... ######


You could see 3 gnolls and a ball python.

Vanquished Creatures
  A gnoll (D:1)
  2 dart slugs
  6 bats (D:1)
  An endoplasm (D:1)
  A giant cockroach (D:1)
  2 goblins (D:1)
  4 hobgoblins (D:1)
  4 jackals (D:2)
  2 kobolds (D:1)
  2 frilled lizards (D:1)
  A rat (D:1)
26 creatures vanquished.

Notes
Turn   | Place    | Note
-------+----------+-------------------------------------------
     0 | D:1      | Silvore the Minotaur Fighter began the quest for the Orb.
     0 | D:1      | Reached XP level 1. HP: 19/19 MP: 0/0
   185 | D:1      | Reached XP level 2. HP: 20/27 MP: 1/1
   280 | D:1      | Found a faded altar of an unknown god.
   971 | D:1      | Reached XP level 3. HP: 33/33 MP: 2/2
  1219 | D:2      | Mangled by a gnoll

Illustrated notes

Levels and vault maps discovered:
D:1:      minmay_arrival_nine_rooms, layout_basic,
          hellmonk_ecumenical_altar_lost_god, minmay_misc_feat_four_crosses,
          hangedman_abyss_or_decor_stabs, dreamdust_wishing_well
D:2:      layout_rooms

Skill      XL: |  1  2  3 |
---------------+----------+-----
Armour         | 4 |  4.3
Long Blades    | 3 |  3.1
Shields        | 4 |  4.0
Fighting       | 4 |  4.0
Dodging        | |  0.2

Action                   || total
-------------------------++-------
Melee: Long sword        ||    67
       Headbutt          ||     5
  Use: Scroll            ||     3
       Potion            ||     1
Armor: Scale mail        ||    27
       Chain mail        ||    35
Dodge: Dodged            ||    52
Block: Buckler           ||    22
